 Dungeon Crawl Stone Soup version 0.28-a0-773-g130ae17fe5 (webtiles) character file.

Game seed: 1665828771129376332

0 spiderkeys the Skirmisher (level 1, -6/11 HPs)
             Began as a Vine Stalker Abyssal Knight on Nov 1, 2021.
             Was a Follower of Lugonu.
             Mangled by a wight (10 damage)
             ... on level 2 of the Abyss.
             The game lasted 00:00:35 (110 turns).

spiderkeys the Skirmisher (VSAK)                     Turns: 110, Time: 00:00:36

Health: -6/11      AC:  3    Str: 11      XL:     1   Next: 0%
Magic:  0/3        EV: 11    Int:  9 (10) God:    Lugonu [*.....]
Gold:   54         SH:  0    Dex: 14      Spells: 0/0 levels left

rFire   . . .      SeeInvis .   a - +1 short sword
rCold   . . .      Faith    .   (no shield)
rNeg    . . .      Spirit   +   b - +0 leather armour
rPois   .          Reflect  .   (no helmet)
rElec   .          Harm     .   (no cloak)
rCorr   .          Rampage  .   (no gloves)
Will    .....                   (no boots)
Stlth   +.........              (no amulet)
HPRegen 0.03/turn               (no ring)
MPRegen 0.08/turn               (no ring)

@: no status effects
A: fangs 2, magic shield, antimagic bite, no potion heal 2, [weak 2]
a: Renounce Religion, Depart the Abyss


You were on level 2 of the Abyss.
You worshipped Lugonu.
Lugonu was aware of your devotion.
You visited 0 branches of the dungeon, and saw 0 of its levels.
You visited the Abyss 1 time.

You collected 54 gold pieces.


Innate Abilities, Weirdness & Mutations

You have extremely sharp teeth.
When hurt, damage is shared between your health and your magic reserves.
Your bite disrupts and absorbs the magic of your enemies.
Potions cannot restore your health.
[You are very weak. (Str -4)]


   Skills:
 + Level 2.6 Fighting
 + Level 1.7 Short Blades
 + Level 1.5 Armour
 + Level 0.7 Dodging
 + Level 1.7 Invocations


You couldn't memorise any spells.
You didn't know any spells.
Your spell library was empty.

Inventory:

Hand Weapons
 a - a +1 short sword (weapon)
Missiles
 c - 12 stones
Armour
 b - a +0 leather armour (worn)

Dungeon Overview and Level Annotations

Branches:
Dungeon (0/15)

Altars:

♣♣ .. ### #.##.# #
#..@.## .# #
#....###z.#.#..#.
#.# #.##.x.....#
.. #...h..#...#
#.##.###..#...# .#
...#....#.##.....#
. #...##...#.##...
. #.. .#####.###..
.# #. #..... #. .


You could see a raiju (wandering), a small abomination and a wight.


Message History

🤖 Initializing magus.rc ... ✅ Successfully initialized magus.rc [v1.9.10] Welcome, spiderkeys the Vine Stalker Abyssal Knight.
They say the Orb of Zot lies within this dungeon, but they say a lot of things.
Lugonu says: Depart the Abyss and spread corruption, my servant! (use the ability menu to exit the Abyss) Press ? for a list of commands and other information.
Found 12 stones.
Found a corrupted altar of Lugonu.
c - 12 stones
Found a gateway leading out of the Abyss.
Found a gateway leading deeper into the Abyss.
There is a gateway leading deeper into the Abyss here.
You plunge deeper into the Abyss.
d - a scroll labelled VUOLUGR XEUGAI You now have 38 gold pieces.
You now have 54 gold pieces (gained 16).
e - a scroll labelled DAYSEA OWUNED A glowing orange brain comes into view.
The glowing orange brain turns its attention towards you.
As you read the scroll labelled DAYSEA OWUNED, it crumbles to dust.
Magic quickly surges around you.
It was a scroll of vulnerability.
As you read the scroll labelled VUOLUGR XEUGAI, it crumbles to dust.
You feel strangely unstable.
You feel the power of the Abyss delaying your translocation!
It was a scroll of teleportation.
The glowing orange brain pulsates.
You feel dopey. Something feeds on your intellect!
The glowing orange brain pulsates.
You are confused.
You're too confused to move!
The glowing orange brain pulsates.
The wretched star pulses with an eldritch light!
You feel weaker. x2
You bump into the metal wall.
The thrashing horror roars!
The glowing orange brain pulsates ominously.
The glowing orange brain pulsates.
Something tries to feed on your intellect!
Unknown command.
The glowing orange brain blinks!
Tentacles burst from the starspawn's body! 2 starspawn tentacles come into view.
You are suddenly pulled into a different region of the Abyss!
The starspawn's tentacles wither and die.
The tentacled starspawn dissolves into shadows!
The rust devil dissolves into shadows!
The thrashing horror dissolves into shadows!
You feel less confused.
You enter the shallow water.
Moving in this stuff is going to be slow.
A wight comes into view. It is wielding a +1 long sword.
A wight comes into view. It is wielding a +3 falchion.
The wight closely misses you.
The wight hits you with a +1 long sword!
Ouch! That really hurt!
* * * LOW HITPOINT WARNING * * *
😨 HP[-7] MP[-1]
You take 7 damage, and now have 4/11 hp.
MASSIVE DAMAGE!! (PAUSE)
You lost 1 mp, and now have 2/3 mp.
You feel your willpower return.
A thrashing horror comes into view.
A raiju comes into view.
A small abomination comes into view.
The thrashing horror moves out of view.
The wight hits you with a +1 long sword!
Ouch! That really hurt!
You die...

Action                   || total
-------------------------++-------
  Use: Scroll            ||     2
Dodge: Dodged            ||     1

Levels and vault maps discovered:
Abyss:2:  base: Temple, guppyfry_abyss_exit_imp_island, minivault_26,
          evilmike_abyss_exit_9

Notes
Turn   | Place    | Note
-------+----------+-------------------------------------------
     0 | Abyss:1  | spiderkeys the Vine Stalker Abyssal Knight began the quest
                  | for the Orb.
     0 | Abyss:1  | Reached XP level 1. HP: 11/11 MP: 3/3
     0 | Abyss:1  | magus.rc [v1.9.10]
    67 | Abyss:2  | Noticed a glowing orange brain
    76 | Abyss:2  | Noticed a wretched star
    78 | Abyss:2  | Noticed a tentacled starspawn
    78 | Abyss:2  | Noticed a rust devil
    78 | Abyss:2  | Noticed a thrashing horror
    79 | Abyss:2  | Noticed a thrashing horror
    91 | Abyss:2  | Noticed a wight
    95 | Abyss:2  | Noticed a wight
   106 | Abyss:2  | Noticed a thrashing horror
   106 | Abyss:2  | Noticed a raiju
   106 | Abyss:2  | Noticed a small abomination
   110 | Abyss:2  | Mangled by a wight

Vanquished Creatures (others)
  2 starspawn tentacles (Abyss:2)
2 creatures vanquished.

Table legend:
 A = Non-vault XP
 B = Vault XP
 C = Vault XP percentage of total XP
 D = Non-vault monster count
 E = Vault monster count
 F = Vault count percentage of total count
                 A         B        C        D         E       F
            +---------+---------+-------+---------+---------+-------
      Total |       0 |       0 |   N/A |       0 |       0 |  -nan
            +---------+---------+-------+---------+---------+-------
            +---------+---------+-------+---------+---------+-------

Illustrated notes

Table legend: (Time is in decaauts)
 A = Elapsed time spent in this place.
 B = Non-inter-level travel time spent in this place.
 C = Inter-level travel time spent in this place.
 D = Time resting spent in this place.
 E = Time spent auto-exploring this place.
 F = Levels seen in this place.
 G = Mean time per level.
                   A        B        C        D        E       F      G
               +--------+--------+--------+--------+--------+-----+--------+
         Total |    113 |    113 |      0 |      0 |     26 |   2 |   56.5 |
         Abyss |    113 |    113 |      0 |      0 |     26 |   2 |   56.5 |
               +--------+--------+--------+--------+--------+-----+--------+

Top non-repeatable levels by time:
 Abyss:2: 79 daAuts
 Abyss:1: 34 daAuts
